 Dungeon Crawl Stone Soup version 0.23-a0-586-gacb4b3f (webtiles) character file.

235 theanonym the Cudgeler (level 5, -1/38 HPs)
             Began as a Mummy Warper on Dec 19, 2018.
             Slain by an ogre
             ... wielding a +0 giant spiked club
              (18 damage)
             ... on level 4 of the Dungeon.
             The game lasted 00:03:18 (3292 turns).

theanonym the Cudgeler (Mummy Warper)               Turns: 3292, Time: 00:03:19

Health: -1/38      AC: 11    Str: 16    XL:     5   Next: 76%
Magic:  9/9        EV:  5    Int: 12    God:
Gold:   219        SH:  0    Dex: 14    Spells: 9/9 levels left

rFire    . . .     SeeInvis .   a - +1 morningstar (freeze)
rCold    . . .     Gourm    .   (no shield)
rNeg     + + +     Faith    .   b - +0 plate armour
rPois    ∞         Spirit   .   (no helmet)
rElec    .         Reflect  .   d - +0 cloak
rCorr    .         Harm     .   (no gloves)
MR       .....                  (no boots)
Stlth    ..........             e - amulet of magic regeneration
HPRegen  0.12/turn              f - +3 ring of dexterity
MPRegen  0.36/turn              l - ring of fire

@: no status effects
A: no food or potions, fire vulnerability, cold resistance 1, negative energy
resistance 3, torment resistance, unbreathing
a: no special abilities


Innate Abilities, Weirdness & Mutations

You do not eat or drink.
Your flesh is vulnerable to fire.
You are immune to poison.
Your flesh is cold resistant. (rC+)
You are immune to negative energy. (rN+++)
You are immune to unholy pain and torment.
You can survive without breathing.


   Skills:
 - Level 2.0 Fighting
 + Level 5.1 Maces & Flails
 - Level 0.7 Throwing
 - Level 0.7 Armour
 - Level 1.5 Dodging
 - Level 2.6 Spellcasting
   Level 2.4 Translocations


You had 9 spell levels left.
You didn't know any spells.
Your spell library contained the following spells:

 Spells                   Type           Power        Failure   Level  Hunger
 Blink                    Tloc           N/A          100%        2    N/A
 Shroud of Golubria       Chrm/Tloc      #.........   100%        2    N/A
 Gell's Gravitas          Tloc           #.........   100%        3    N/A
 Lesser Beckoning         Tloc           #.........   100%        3    N/A
 Teleport Other           Tloc           #.......     100%        3    N/A
 Passage of Golubria      Tloc           N/A          100%        4    N/A

Skill      XL: |  1  2  3  4  5 |
---------------+----------------+-----
Maces & Flails | 2 3 4 5 |  5.1
Fighting       | |  2.0
Throwing       | |  0.7
Armour         | |  0.7
Dodging        | |  1.5
Spellcasting   | |  2.6
Translocations | |  2.4

Action                   |  1- 3 |  4- 6 || total
-------------------------+-------+-------++-------
Melee: Mace              |   123 |       ||   123
       Morningstar       |    33 |    93 ||   126
Throw: Tomahawk          |       |     5 ||     5
  Use: Scroll            |     2 |     4 ||     6
Armor: Leather armour    |     8 |       ||     8
       Plate armour      |    99 |    92 ||   191
Dodge: Dodged            |    38 |    26 ||    64

Inventory:

Hand Weapons
 a - a +1 morningstar of freezing (weapon)
   (You found it on level 3 of the Dungeon)
Missiles
 g - 5 tomahawks
 j - 5 tomahawks of dispersal (quivered)
Armour
 b - a +0 plate armour (worn)
   (You found it on level 1 of the Dungeon)
 d - a +0 cloak (worn)
   (You found it on level 3 of the Dungeon)
Jewellery
 e - an amulet of magic regeneration (around neck)
   (You found it on level 3 of the Dungeon)
 f - a +3 ring of dexterity (left hand)
   (You found it on level 1 of the Dungeon)
 l - a ring of fire (right hand)
   (You found it on level 4 of the Dungeon)
Wands
 c - a wand of clouds (6)
   (You found it on level 3 of the Dungeon)
Scrolls
 i - a scroll of amnesia
 m - a scroll of fear
 n - a scroll of remove curse
 t - 2 scrolls of teleportation {!r}
 y - 2 scrolls of magic mapping
 B - 2 scrolls of blinking


You were on level 4 of the Dungeon.
You were not hungry.

You visited 1 branch of the dungeon, and saw 4 of its levels.

You collected 219 gold pieces.

Dungeon Overview and Level Annotations

Branches:
Dungeon (4/15)
 Temple: D:4-7

Altars:

#######.....###.....#
###.#.#.............###
..#..................###
.%...................#.#
.......###..............
.h.......#....%.........
............#.........##
.........#..#...........
.......@.##.............
.#..#.rO.##...........##
#....(### ...........#
###... ...........##
#... ............. (...
##........# .(...
##........## ..(...
.......).###
........<#...........#


You could see an ogre, a hound (wandering) and a quokka.

Notes
Turn   | Place    | Note
-------+----------+-------------------------------------------
     0 | D:1      | theanonym the Mummy Warper began the quest for the Orb.
     0 | D:1      | Reached XP level 1. HP: 16/16 MP: 4/4
    38 | D:1      | Reached skill level 2 in Maces & Flails
   101 | D:1      | Reached XP level 2. HP: 17/22 MP: 5/5
   659 | D:1      | Reached XP level 3. HP: 27/27 MP: 7/7
   687 | D:1      | Reached skill level 3 in Maces & Flails
  1057 | D:2      | HP: 9/27 [worm (5)]
  2059 | D:3      | Reached XP level 4. HP: 30/33 MP: 8/8
  2435 | D:3      | HP: 15/33 [worm (4)]
  2608 | D:3      | Reached skill level 4 in Maces & Flails
  2751 | D:4      | Reached XP level 5. HP: 31/38 MP: 9/9
  2924 | D:4      | Noticed Natasha
  2931 | D:4      | Killed Natasha
  3183 | D:4      | Reached skill level 5 in Maces & Flails
  3285 | D:4      | Noticed an ogre
  3291 | D:4      | HP: 17/38 [ogre/+0 giant spiked club (21)]
  3292 | D:4      | Slain by an ogre

Vanquished Creatures
  An orc priest (D:4)
  Natasha (D:4)
  An orc wizard (D:4)
  3 gnolls (D:4)
  2 adders (D:3)
  An ooze (D:1)
  An adder skeleton (D:4)
  2 worms
  3 dart slugs
  5 leopard geckos
  12 orcs
  A ball python (D:4)
  3 giant cockroaches
  6 hobgoblins
  2 jackals (D:4)
  2 quokkas
  3 bats
  7 frilled lizards
  6 goblins
  9 kobolds
  8 rats
79 creatures vanquished.

Table legend:
 A = Turns spent in this place as a percentage of turns spent in the entire game.
 B = Non-inter-level travel turns spent in this place as a percentage of non-inter-level travel turns spent in the entire game.
 C = Inter-level travel turns spent in this place as a percentage of turns spent in this place.
 D = Turns resting spent in this place as a percentage of non-inter-level travel turns spent in this place.
 E = Turns spent auto-exploring this place as a percentage of non-inter-level travel turns spent in this place.
 F = Non-inter-level travel turns spent in this place divided by the number of levels of this place that you've seen.
                   A       B       C       D       E      F
               +-------+-------+-------+-------+-------+----------------------
         Total | 100.0 | 100.0 |   1.4 |  29.0 |  55.3 | 811.5
       Dungeon | 100.0 | 100.0 |   1.4 |  29.0 |  55.3 | 811.5
               +-------+-------+-------+-------+-------+----------------------
